 Dungeon Crawl Stone Soup version 0.28-a0-8-g6e044cfa68 (webtiles) character file.

Game seed: 16582925931292988309

2560 Gwenloh the Carver (level 9, -7/68 HPs)
             Began as a Human Fighter on July 25, 2021.
             Was an Elder of Okawaru.
             Mangled by a two-headed ogre (11 damage)
             ... on level 6 of the Dungeon.
             The game lasted 00:34:59 (8398 turns).

Gwenloh the Carver (Human Fighter)                  Turns: 8398, Time: 00:35:00

Health: -7/68      AC: 10    Str: 17    XL:     9   Next: 86%
Magic:  14/14      EV:  7    Int:  9    God:    Okawaru [****..]
Gold:   244        SH: 12    Dex: 15    Spells: 8/8 levels left

rFire   . . .      SeeInvis .   a - +1 long sword (vamp)
rCold   . . .      Faith    .   p - +2 kite shield
rNeg    . . .      Spirit   .   v - +0 scale mail
rPois   .          Reflect  .   t - +0 helmet
rElec   .          Harm     .   c - scarf {shadows}
rCorr   .          Rampage  .   k - +1 pair of gloves
Will    .....                   (no boots)
Stlth   ..........              (no amulet)
HPRegen 0.21/turn               (no ring)
MPRegen 0.14/turn               (no ring)

@: no status effects
A: no striking features
a: Renounce Religion, Heroism


You were on level 6 of the Dungeon.
You worshipped Okawaru.
Okawaru was greatly pleased with you.
You visited 2 branches of the dungeon, and saw 7 of its levels.

You collected 244 gold pieces.

Inventory:

Hand Weapons
 a - a +1 vampiric long sword (weapon)
 b - a +0 hunting sling
Missiles
 g - 282 stones
 j - 16 poisoned darts (quivered)
 s - 55 bolts
 w - 3 curare-tipped darts
 A - 13 boomerangs
 E - 17 sling bullets
Armour
 c - a scarf of shadows (worn)
 k - a +1 pair of gloves (worn)
 p - a +2 kite shield (worn)
 t - a +0 helmet (worn)
 v - a +0 scale mail (worn)
 y - a +2 tower shield of reflection
Jewellery
 z - a ring of willpower
Wands
 u - a wand of iceblast (13)
 F - a wand of paralysis (9)
Scrolls
 f - 2 scrolls of teleportation
 h - 3 scrolls of torment
 i - 3 scrolls of acquirement
 n - a scroll of fear {unknown}
 o - a scroll of fog {unknown}
 q - 3 scrolls of immolation
 B - a scroll of enchant weapon {unknown}
 C - a scroll of summoning {unknown}
 D - a scroll of silence {unknown}
 G - a scroll of enchant armour {unknown}
Potions
 d - a potion of might
 e - 2 potions of haste {unknown}
 l - 3 potions of berserk rage
 m - 2 potions of curing {unknown}
 r - 2 potions of attraction {unknown}
 x - 3 potions of mutation


   Skills:
 + Level 5.3 Fighting
 * Level 9.3 Long Blades
 - Level 3.1 Armour
 + Level 5.2 Shields
 + Level 6.7 Invocations


You had 8 spell levels left.
You didn't know any spells.
Your spell library was empty.

Dungeon Overview and Level Annotations

Branches:
Dungeon (6/15)             Temple (1/1) D:4

Altars:
Ashenzari
Cheibriados
Dithmenos
Elyvilon
Fedhas
Kikubaaqudgha
Makhleb
Okawaru
Qazlal
Sif Muna
Trog
Vehumet
Wu Jian
Xom
Zin
The Shining One


Message History

You slash the two-headed ogre!
The two-headed ogre is moderately wounded.
The helpless two-headed ogre fails to defend itself.
You hit the two-headed ogre.
The two-headed ogre is moderately wounded.
The helpless two-headed ogre fails to defend itself.
You hit the two-headed ogre.
The two-headed ogre is heavily wounded.
The helpless two-headed ogre fails to defend itself.
You hit the two-headed ogre.
The two-headed ogre is heavily wounded.
The two-headed ogre is no longer paralysed.
You block the two-headed ogre's attack. x2
You slash the two-headed ogre!
The two-headed ogre is heavily wounded.
You block the two-headed ogre's attack. x2
You hit the two-headed ogre.
The two-headed ogre is severely wounded.
You hit the two-headed ogre.
The two-headed ogre is severely wounded.
The two-headed ogre barely misses you.
The two-headed ogre hits you with a +0 giant spiked club!!
You slash the two-headed ogre!
The two-headed ogre is almost dead.
You block the two-headed ogre's attack.
The two-headed ogre hits you with a +0 giant spiked club!!
* * * LOW HITPOINT WARNING * * *
You hit the two-headed ogre.
The two-headed ogre is almost dead.
You block the two-headed ogre's attack. The two-headed ogre closely misses you.
You completely miss the two-headed ogre.
The two-headed ogre is almost dead.
The two-headed ogre hits you with a +0 giant spiked club.
* * * LOW HITPOINT WARNING * * *
The two-headed ogre hits you with a +0 giant spiked club.
* * * LOW HITPOINT WARNING * * *
You hit the two-headed ogre.
You feel better.
The two-headed ogre is almost dead.
The two-headed ogre hits you with a +0 giant spiked club!
You die...

##########'########.#....#.##....
....................#....#)....>#
..[...........####..##'###)####.#
................##......)).# #.#
..........###.#.##.#..###### #..
..........###...##.........# ###
.#........[.....##.........#
.....#....####..##.........#
.##..#[...# #..@O.........###
..#..#)#..# ##.##.......O<..#
......)#..#####.................#
..............#.##..............#
...###.#.######..#.#######......#
...# #.### #..#.# #...####
...###..# #..#.# #...# ........#
#..#.## #...# ....##..# #.....#
#...#


You could see a two-headed ogre.

Vanquished Creatures
  Sigmund (D:2)
  A wraith (D:6)
  A steam dragon (D:4)
  3 sky beasts
  A necrophage (D:6)
  4 ogres
  2 phantoms (D:5)
  2 centaurs
  Blork the orc (D:4)
  A bullfrog (D:6)
  A scorpion (D:6)
  2 water moccasin zombies (D:5)
  A vampire bat (D:4)
  A howler monkey (D:5)
  2 centaur zombies (D:5)
  A hound (D:5)
  2 orc priests (D:6)
  2 bullfrog skeletons
  2 centaur skeletons
  A gnoll shaman (D:6)
  A jelly (D:4)
  6 iguanas
  Robin (D:2)
  A howler monkey skeleton (D:4)
  6 gnolls
  7 adders
  A shadow imp (D:6)
  4 dart slugs
  17 orcs
  3 endoplasms
  5 giant cockroaches
  17 goblins
  9 hobgoblins
  10 jackals
  8 kobolds
  2 quokkas (D:1)
  5 ball pythons
  16 bats
  4 frilled lizards
  5 rats
160 creatures vanquished.

Notes
Turn   | Place    | Note
-------+----------+-------------------------------------------
     0 | D:1      | Gwenloh the Human Fighter began the quest for the Orb.
     0 | D:1      | Reached XP level 1. HP: 18/18 MP: 1/1
   197 | D:1      | Found a faded altar of an unknown god.
   207 | D:1      | Became a worshipper of Warmaster Okawaru
   207 | D:1      | Reached * piety under Okawaru
   320 | D:1      | Reached XP level 2. HP: 18/24 MP: 2/2
   441 | D:1      | Reached XP level 3. HP: 29/29 MP: 3/3
   518 | D:1      | Reached skill level 1 in Invocations
   778 | D:1      | Reached skill level 3 in Long Blades
   972 | D:1      | Reached XP level 4. HP: 23/35 MP: 5/5
  1194 | D:2      | Noticed Sigmund
  1208 | D:2      | Killed Sigmund
  1208 | D:2      | Reached ** piety under Okawaru
  1209 | D:2      | Reached skill level 4 in Long Blades
  1209 | D:2      | Reached XP level 5. HP: 41/41 MP: 3/7
  1209 | D:2      | Reached XP level 6. HP: 47/47 MP: 3/8
  1212 | D:2      | Noticed Robin
  1229 | D:2      | Killed Robin
  1539 | D:2      | Reached skill level 5 in Long Blades
  1694 | D:2      | Found a shimmering altar of Xom.
  2626 | D:4      | Noticed a steam dragon
  2643 | D:4      | Killed a steam dragon
  2644 | D:4      | Reached XP level 7. HP: 9/52 MP: 9/9
  3045 | D:4      | Reached skill level 6 in Long Blades
  3056 | D:4      | Noticed Blork the orc
  3073 | D:4      | Killed Blork the orc
  3143 | D:4      | Found a staircase to the Ecumenical Temple.
  3168 | Temple   | Entered the Ecumenical Temple
  3623 | D:4      | Reached XP level 8. HP: 54/58 MP: 11/11
  4029 | D:4      | Reached skill level 7 in Long Blades
  4724 | D:4      | short blade
  4741 | D:5      | Entered Level 5 of the Dungeon
  4843 | D:5      | Reached skill level 5 in Invocations
  4924 | D:5      | Found a glowing silver altar of Zin.
  5219 | D:5      | Reached *** piety under Okawaru
  5598 | D:5      | Reached skill level 8 in Long Blades
  5754 | D:5      | Reached XP level 9. HP: 65/65 MP: 11/13
  6467 | D:5      | Found a glowing golden altar of the Shining One.
  7117 | D:6      | Reached skill level 5 in Fighting
  7141 | D:6      | Reached **** piety under Okawaru
  7142 | D:6      | Reached skill level 9 in Long Blades
  7142 | D:6      | Reached skill level 5 in Shields
  7446 | D:6      | Identified 4 scrolls of acquirement
  7452 | D:6      | Acquired a scarf of shadows
  7542 | D:6      | scarf: 6 tiles
  8028 | D:6      | Noticed a two-headed ogre
  8397 | D:6      | HP: 3/68 [two-headed ogre (6)]
  8398 | D:6      | Mangled by a two-headed ogre

Illustrated notes #.###....#...#.#.# ###....#####....... #....### #.###### ###.## ##.###### ##.## ##....##.. ##.####......... ###..(........... ##..###........... #@### ##.......... ### ##......... ##........ #........ ##....... ### #..####.. #.#####.## ### ##..##.## ######.>..## Turn 4724 on D:4: short blade

############## ####............##
### ...#.............# #..
.................######
#.######.##.............#....#
#.#....#.##..@..........#.##.#
#.#....#.##.............#.##.#
#.#....#.##..................#
####.#....#.##.............#.####
.....#....#)....>#########.#.#
###..##'###)####.# #.#.#
#......)).# #.#########.#.####
#.#..###### #................#
#.........# #############.####


Turn 7542 on D:6: scarf: 6 tiles

Levels and vault maps discovered:
D:1:      elethiomel_arrival_quiet, layout_loops_ring,
          ebering_ecumenical_altar_petrified, hangedman_decor_riveting,
          dk_noncrumbling_3, minmay_hexomino_c4
D:2:      layout_loops_ring, basic_altar, hex_large, solitary_fountain,
          corexii_corridor_pit, uniq_sigmund, uniq_robin
D:3:      layout_rooms, minmay_between
D:4:      layout_layer_cave, minmay_temple_entry_ruins, roderic_batcave,
          uniq_blork_the_orc
D:5:      layout_basic, tso_oasis_becter,
          mainiacjoe_overflow_concentric_impassable, palyth_stone_intersect,
          grunt_ministairs_1, nrook_mini_backslash, minmay_misc_feat_rows
D:6:      minmay_diamond_boxcup, layout_basic, nicolae_hepliaklqana_hippocampus,
          nrook_mini_vaults, kennysheep_pointless_box, kennysheep_minor_cross
Temple:   dshaligram_water_room_temple

Skill      XL: |  1  2  3  4  5  6  7  8  9 |
---------------+----------------------------+-----
Invocations    | 1 3 4 5 6 |  6.7
Long Blades    | 3 4 5 6 8 9 |  9.3
Fighting       | 4 5 |  5.3
Shields        | 4 5 |  5.2
Armour         | |  3.1

Action                   |  1- 3 |  4- 6 |  7- 9 || total
-------------------------+-------+-------+-------++-------
Melee: Long sword        |   119 |   110 |   426 ||   655
 Fire: Hunting sling     |       |       |    74 ||    74
Throw: Stone             |     4 |     3 |    10 ||    17
       Dart              |       |    31 |    31 ||    62
Invok: Heroism           |     1 |     2 |     9 ||    12
Evoke: Wand              |       |       |     1 ||     1
  Use: Scroll            |       |       |     7 ||     7
 Stab: Paralysed         |       |       |     5 ||     5
Armor: Scale mail        |    46 |    48 |   175 ||   269
Dodge: Dodged            |    30 |    34 |   111 ||   175
Block: Kite shield       |    69 |    89 |   263 ||   421
       Rpst.: Long sword |    15 |     9 |    17 ||    41

Table legend: (Time is in decaauts)
 A = Elapsed time spent in this place.
 B = Non-inter-level travel time spent in this place.
 C = Inter-level travel time spent in this place.
 D = Time resting spent in this place.
 E = Time spent auto-exploring this place.
 F = Levels seen in this place.
 G = Mean time per level.
                   A        B        C        D        E       F      G
               +--------+--------+--------+--------+--------+-----+--------+
         Total |   8599 |   8199 |    400 |    283 |   6059 |   7 | 1228.4 |
       Dungeon |   8508 |   8128 |    380 |    283 |   5990 |   6 | 1418.0 |
        Temple |     90 |     70 |     20 |      0 |     69 |   1 |   90.0 |
               +--------+--------+--------+--------+--------+-----+--------+

Top non-repeatable levels by time:
     D:5: 2141 daAuts
     D:4: 1889 daAuts
     D:6: 1527 daAuts
     D:1: 1228 daAuts
     D:2: 968 daAuts
     D:3: 753 daAuts
  Temple: 90 daAuts
